 Dungeon Crawl Stone Soup version 0.28-a0-828-g0121872642 (webtiles) character file.

Game seed: 16626986974208199468

53 ytrimaz the Skirmisher (level 3, -4/29 HPs)
             Began as a Demonspawn Fighter on Nov 10, 2021.
             Killed by divine providence
             ... invoked by an orc priest
              (17 damage)
             ... on level 3 of the Dungeon.
             The game lasted 00:03:57 (2265 turns).

ytrimaz the Skirmisher (Demonspawn Fighter)         Turns: 2265, Time: 00:03:58

Health: -4/29      AC:  6    Str: 17    XL:     3   Next: 62%
Magic:  3/3        EV:  9    Int:  9    God:
Gold:   90         SH:  4    Dex: 12    Spells: 2/2 levels left

rFire   . . .      SeeInvis .   a - +0 war axe
rCold   . . .      Faith    .   c - +0 buckler
rNeg    . . .      Spirit   .   b - +0 scale mail
rPois   .          Reflect  .   (no helmet)
rElec   .          Harm     .   (no cloak)
rCorr   .          Rampage  .   (no gloves)
Will    .....                   (no boots)
Stlth   ..........              (no amulet)
HPRegen 0.09/turn               (no ring)
MPRegen 0.08/turn               (no ring)

@: no status effects
A: hooves 1, powered by death 1
a: no special abilities


You were on level 3 of the Dungeon.
You visited 1 branch of the dungeon, and saw 3 of its levels.

You collected 90 gold pieces.

Inventory:

Hand Weapons
 a - a +0 war axe (weapon)
Armour
 b - a +0 scale mail (worn)
 c - a +0 buckler (worn)
Jewellery
 g - a ring of resist corrosion
Scrolls
 f - a scroll of fear {unknown}
 j - 2 scrolls of identify {unknown}
 k - a scroll of silence {unknown}
 l - a scroll of teleportation {unknown}
Potions
 d - a potion of resistance {unknown}
 e - a potion of heal wounds {unknown}
 h - a potion of lignification {unknown}
 i - 2 potions of curing


   Skills:
 + Level 3.2 Fighting
 * Level 2.7 Axes
 + Level 3.0 Armour
 * Level 1.0 Dodging
 + Level 2.8 Shields


You had 2 spell levels left.
You didn't know any spells.
Your spell library was empty.

Dungeon Overview and Level Annotations

Branches:
Dungeon (3/15)

Altars:


Innate Abilities, Weirdness & Mutations

You have large cloven feet.
You regenerate a little health from kills.


Message History

No target in view!
No target in view!
No target in view!
No target in view!
No target in view!
Found a stone staircase leading up.
d - a sedimented orange potion
k - a scroll labelled IMAMUI XITAPENE
l - a scroll labelled BYCUWA XEALET No target in view!
An orc priest and an orc wizard come into view.
The orc priest shouts!
The orc wizard shouts!
You hear a shout!
An orc wizard comes into view. It is wielding a +0 dagger.
The orc wizard gestures at you while chanting.
The magic dart hits you.
There are monsters nearby!
There are monsters nearby!
There are monsters nearby!
An orc priest comes into view. It is wielding a +0 trident.
Found 14 gold pieces.
The orc priest calls down the wrath of Beogh upon you.
Beogh smites you!
You miss the orc wizard. You hit the orc priest.
The orc wizard barely misses you. The orc priest closely misses you.
You hit the orc priest. Your kick misses the orc priest.
The orc priest is heavily wounded.
You barely miss the orc wizard.
The orc wizard hits you with a +0 dagger.
You block the orc priest's attack.
The orc wizard casts a spell.
The orc wizard flickers and vanishes!
Deactivating autopickup; reactivate with Ctrl-A.
You block the orc wizard's attack.
You hit the orc wizard.
The orc wizard is moderately wounded.
You slash the orc priest! The orc priest closely misses you.
The orc priest invokes the aid of Beogh against you.
Beogh smites you!
Ouch! That really hurt!
You die...

........# .....##.#
..##.##.####
..##.......#
#.#####.##.#
........##.##########
.#########..........#
.# #######....## .#
#.@....# .# #.oo...#
.# #${....# .#
##.o.### ## ##.## ...
.# ### .. # .# .


You could see 2 orc priests and an orc wizard.

Vanquished Creatures
  2 adders
  3 dart slugs (D:2)
  3 ball pythons
  A giant cockroach (D:1)
  4 goblins
  4 hobgoblins (D:2)
  4 bats
  5 frilled lizards
  2 kobolds
  3 rats
31 creatures vanquished.

Notes
Turn   | Place    | Note
-------+----------+-------------------------------------------
     0 | D:1      | ytrimaz the Demonspawn Fighter began the quest for the Orb.
     0 | D:1      | Reached XP level 1. HP: 18/18 MP: 1/1
   273 | D:1      | Found a faded altar of an unknown god.
   982 | D:2      | Gained mutation: You have large cloven feet. [demonic
                  | ancestry]
   982 | D:2      | Reached XP level 2. HP: 24/24 MP: 2/2
  1792 | D:2      | HP: 1/24 [adder (4)]
  1796 | D:2      | Gained mutation: You regenerate a little health from kills.
                  | [demonic ancestry]
  1796 | D:2      | Reached XP level 3. HP: 11/29 MP: 3/3
  2152 | D:3      | Reached skill level 1 in Dodging
  2265 | D:3      | Killed from afar by an orc priest

Illustrated notes

Levels and vault maps discovered:
D:1:      lightli_arrival_statuegarden, layout_basic,
          ebering_ecumenical_altar_mist
D:2:      layout_loops_corners, st_stairs_14, grunt_ministairs_8
D:3:      layout_loops_cross, kennysheep_minor_cross

Skill      XL: |  1  2  3 |
---------------+----------+-----
Axes           | 2 |  2.7
Armour         | 3 |  3.0
Dodging        | 1 |  1.0
Fighting       | |  3.2
Shields        | |  2.8

Action                   || total
-------------------------++-------
Melee: War axe           ||    96
       Kick              ||    12
  Use: Potion            ||     2
Armor: Scale mail        ||    34
Dodge: Dodged            ||    49
Block: Buckler           ||    13

Table legend: (Time is in decaauts)
 A = Elapsed time spent in this place.
 B = Non-inter-level travel time spent in this place.
 C = Inter-level travel time spent in this place.
 D = Time resting spent in this place.
 E = Time spent auto-exploring this place.
 F = Levels seen in this place.
 G = Mean time per level.
                   A        B        C        D        E       F      G
               +--------+--------+--------+--------+--------+-----+--------+
         Total |   2304 |   2256 |     48 |      0 |   1985 |   3 |  768.0 |
       Dungeon |   2304 |   2256 |     48 |      0 |   1985 |   3 |  768.0 |
               +--------+--------+--------+--------+--------+-----+--------+

Top non-repeatable levels by time:
     D:2: 1188 daAuts
     D:1: 983 daAuts
     D:3: 131 daAuts
